cohdb
Replays
Latest Replays
All Replays
Popular Replays
Top Player Replays
Match Explorer
How It Works
Community
CoH3 Stats
Reddit
Sign in to upload your games and track your stats! →
Sign in with Steam
Match 28639263
Unlisted
Match 28639263
Overview
Messages
Build Orders
End
Panzergrenadier Squad
Panzergrenadier Squad
Panzergrenadier Squad
Construct Light Support Kompanie
Fire Support Elements
Selects Battlefield Espionage Battlegroup
Selects 250/3 Funkpanzerwagen
Flakvierling Half-track
Vehicle Survival Package
Panzerjäger Mechanized Group
MG34 Team
2.5-tonne Medical Truck
Veteran Squad Leaders
MG34 Team
Panzergrenadier Squad
Construct Panzerarmee Kommand
Pak 38 Mechanized Group
Selects Anti-Tank Incendiary Munitions
Panzer III L Medium Tank
Selects Sector Subterfuge Beacon
Selects Plunder
Selects Firestorm
Panzer III L Medium Tank
Tungsten Core Ammunition
Firestorm
Computer - Hard
pagep
雲蘭
Hiyori Kisaki
Karadoc
HelloToDemocracy
realnoob
Ryan
0
0
Comments
sign in to comment!
No comments posted yet!